 Dungeon Crawl Stone Soup version 0.31-a0-430-gf8416d752b (webtiles) character file.

Game seed: 3313358748604662886

921 Ethylacetat the Changeling (level 8, -1/54 HPs)
             Began as an Octopode Shapeshifter on July 31, 2023.
             Was an Initiate of Gozag.
             Slain by a fire bat (6 damage)
             ... on level 5 of the Dungeon.
             The game lasted 00:06:37 (3615 turns).

Ethylacetat the Changeling (Octopode Shapeshifter)  Turns: 3615, Time: 00:06:38

Health: -1/54      AC:  1    Str: 14    XL:     8   Next: 10%
Magic:  8/8        EV: 13    Int: 11    God:    Gozag
Gold:   135        SH:  0    Dex: 14    Spells: 7/7 levels left

rFire   . .          .
                       - Unarmed
rCold   . . .        s - orb {*Rage}
rNeg    . . .        (helmet currently unavailable)
rPois   +            (no amulet)
rElec   .            k - ring of poison resistance
rCorr   .            j - ring of willpower
SInv    .            (no ring)
Will    +....        (no ring)
Stlth   ++           (no ring)
HPRegen 0.29/turn    (no ring)
MPRegen 0.11/turn    (no ring)
                     (no ring)

%: random rage (20%)
@: beast-form
A: beast (slay +4), almost no armour, amphibious, 8 rings, camouflage 1,
gelatinous body 1, (nimble swimmer 1), tentacles
a: Begin Untransformation, Renounce Religion, Potion Petition, Call Merchant,
Bribe Branch


You were on level 5 of the Dungeon.
You worshipped Gozag.
Gozag was aware of your devotion.
You were a hulking beast.
You visited 2 branches of the dungeon, and saw 6 of its levels.

You collected 184 gold pieces.
You paid 49 gold pieces to Gozag.

Inventory:

Armour
 s - an orb of wrath (worn)
Jewellery
 j - a ring of willpower (right tentacle)
 k - a ring of poison resistance (left tentacle)
Talismans
 b - a beast talisman (active)
Wands
 y - a wand of iceblast (9)
Scrolls
 e - 2 scrolls of summoning {unknown}
 f - 6 scrolls of identify {unknown}
 h - a scroll of vulnerability {unknown}
 i - a scroll of enchant weapon {unknown}
 l - a scroll of revelation {unknown}
 n - a scroll of fear {unknown}
 o - 2 scrolls of immolation {unknown}
 p - 6 scrolls of teleportation {unknown}
 r - 3 scrolls of enchant armour {unknown}
 t - a scroll of brand weapon {unknown}
 v - a scroll of noise {unknown}
 w - a scroll of poison {unknown}
Potions
 a - a potion of lignification
 c - 3 potions of mutation {unknown}
 d - a potion of might {unknown}
 g - 2 potions of heal wounds {unknown}
 m - a potion of haste {unknown}
 q - a potion of degeneration {unknown}
 u - a potion of curing {unknown}
 x - 2 potions of attraction {unknown}
 z - a potion of ambrosia {unknown}
 A - a potion of resistance


   Skills:
 + Level 4.4 Fighting
 - Level 2.0 Dodging
 + Level 5.3 Unarmed Combat
 * Level 6.1 Shapeshifting


You had 7 spell levels left.
You didn't know any spells.
Your spell library contained the following spells:

 Spells                   Type           Power      Damage    Failure   Level
 Static Discharge         Conj/Air       0%         2-2/arc   47%         2
 Airstrike                Air            0%         2d(0-16)  98%         4
 Summon Lightning Spire   Summ/Air       0%         N/A       98%         4
 Alistair's Intoxication  Tmut/Pois      0%         N/A       100%        5
 Borgnjor's Vile Clutch   Necr/Erth      0%         N/A       100%        5
 Eringya's Noxious Bog    Tmut/Pois      0%         4d6       100%        6


Dungeon Overview and Level Annotations

Branches:
Dungeon (5/15)             Temple (1/1) D:4

Altars:
Cheibriados
Dithmenos
Elyvilon
Gozag
Makhleb
Nemelex Xobeh
Okawaru
Qazlal
Ru
Uskayaw
Vehumet
Xom
Yredelemnul
Zin

Shops:
D:1 ![!([

Annotations:
D:5 1 transporter


Innate Abilities, Weirdness & Mutations

You are a hulking beast.
Your limbs bulge with bestial killing power. (Slay +4)
You cannot wear most types of armour.
You are amphibious.
You can wear up to eight rings at the same time.
Your skin changes colour to match your surroundings (Stealth+).
Your rubbery body absorbs attacks. (AC +1, EV +1)
((You are camouflaged when in or above water. (Stealth+)))
You have tentacles for arms and can constrict up to eight enemies at once.


Message History

You grab the ufetubus. You constrict the ufetubus.
The ufetubus barely misses you. The ufetubus hits you.
The ufetubus closely misses you. The ufetubus hits you.
You bludgeon the ufetubus!
You kill the ufetubus!
You now have 135 gold pieces (gained 3).
You feel a strong urge to attack something.
Found 6 stones.
Found a stone staircase leading down.
You feel your anger nearly subside.
You are no longer berserk.
You are exhausted.
You feel yourself slow down.
Found a stone staircase leading up.
Found a transporter.
Found a potion of resistance.
You see here 6 stones.
There is a transporter here.
You feel yourself speed up.
You enter the transporter and appear at another place.
A - a potion of resistance
There are no items here.
You open the gate.
A fire bat comes into view.
The fire bat bites you but does no damage.
Found a scroll labelled EREFFE SIEGO, 42 gold pieces and a scale mail.
Found a transporter.
You are engulfed in blazing flames.
There is an open gate here.
The fire bat misses you.
You are engulfed in blazing flames.
* * * LOW HITPOINT WARNING * * *
You recover from your berserk rage.
The fire bat bites you.
* * * LOW HITPOINT WARNING * * *
You are engulfed in flames!
* * * LOW HITPOINT WARNING * * *
Found 12 gold pieces.
The fire bat misses you. The fire bat bites you.
You die...
Your body crumbles into a pile of gold.

#°○#©#°°#
#°☼...☼☼#
#○○#.#○.#
#○°...○○#
####°☼○####
#○.○°☼○○○°#
#°○○○○°○☼°#
#○○○...°○☼#
#○☼.$hb.☼☼#
#○°○$©[°○.#
###########
#...©.##
.......#
...#.l.##
.$..#####
#..


You could see a fire bat and an iguana (wandering).

Vanquished Creatures
  The ghost of Kiciri the Ruffian, an amateur DrSh (D:4)
  Sigmund (D:2)
  An orc warrior (D:4)
  A centaur (D:4)
  A scorpion (D:4)
  Crazy Yiuf (D:3)
  2 orc priests (D:4)
  A jelly (D:3)
  An iguana (D:5)
  Robin (D:4)
  4 adders
  3 gnolls (D:4)
  A white imp (D:4)
  3 ufetubi
  A worm (D:2)
  A dart slug (D:2)
  6 orcs
  9 ball pythons
  6 bats
  6 endoplasms
  4 giant cockroaches
  10 goblins
  4 hobgoblins
  4 jackals (D:2)
  3 kobolds
  5 quokkas
  3 frilled lizards
  7 rats (D:1)
91 creatures vanquished.

Notes
Turn   | Place    | Note
-------+----------+-------------------------------------------
     0 | D:1      | Ethylacetat the Octopode Shapeshifter began the quest for
                  | the Orb.
     0 | D:1      | Reached XP level 1. HP: 13/13 MP: 1/1
    31 | D:1      | Found Orghyr Azxyf's Armour Emporium.
   108 | D:1      | Reached XP level 2. HP: 18/18 MP: 2/2
   131 | D:1      | Found Niugrejeu's Distillery.
   225 | D:1      | Found Quriopec's Distillery.
   252 | D:1      | Found Paunix's Antique Weapon Shoppe.
   436 | D:1      | Found Saerops's Armour Emporium.
   569 | D:2      | Identified the +1 short sword "Blob" {elec, rF+ Int+2
                  | Stlth-}
   576 | D:2      | Reached XP level 3. HP: 16/23 MP: 3/3
   680 | D:2      | HP: 1/24 [worm (11)]
  1130 | D:2      | Noticed Sigmund
  1138 | D:2      | Killed Sigmund
  1139 | D:2      | Reached skill level 4 in Shapeshifting
  1139 | D:2      | Reached XP level 4. HP: 17/30 MP: 4/4
  1139 | D:2      | Reached XP level 5. HP: 19/35 MP: 5/5
  1280 | D:2      | Reached XP level 6. HP: 37/41 MP: 6/6
  1675 | D:3      | Found a basalt altar of Yredelemnul.
  1844 | D:3      | Found a runed translucent door.
  1845 | D:3      | Noticed Crazy Yiuf
  2344 | D:3      | Killed Crazy Yiuf
  2503 | D:4      | Noticed an orc warrior
  2508 | D:4      | Reached skill level 5 in Shapeshifting
  2513 | D:4      | Killed an orc warrior
  2514 | D:4      | Reached XP level 7. HP: 24/46 MP: 7/7
  2818 | D:4      | Noticed Robin
  2829 | D:4      | Killed Robin
  2910 | D:4      | Reached skill level 5 in Unarmed Combat
  2988 | D:4      | Found a runed translucent door.
  2994 | D:4      | Noticed Kiciri's ghost (amateur DrSh)
  3007 | D:4      | Killed Kiciri's ghost
  3008 | D:4      | Reached skill level 6 in Shapeshifting
  3008 | D:4      | Reached XP level 8. HP: 27/54 MP: 8/8
  3476 | D:4      | Found a staircase to the Ecumenical Temple.
  3480 | Temple   | Entered the Ecumenical Temple
  3497 | Temple   | Became a worshipper of Gozag Ym Sagoz the Greedy
  3573 | D:5      | Entered Level 5 of the Dungeon
  3591 | D:5      | Found a transporter.
  3610 | D:5      | Found a transporter.
  3615 | D:5      | Slain by a fire bat

Illustrated notes

Levels and vault maps discovered:
D:1:      mainiacjoe_arrival_reflecting_pool, layout_basic, serial_shops,
          nicolae_shop_tiny_real_fake_doors, nicolae_square_shop,
          nicolae_shop_tiny_statue_garden, nicolae_shop_crystal,
          nicolae_lakefront_shop
D:2:      layout_loops_ring, kennysheep_big_empty_room,
          kennysheep_generic_room_4, uniq_sigmund
D:3:      layout_loops_ring, mainiacjoe_overflow_small_starburst,
          uniq_crazy_yiuf_cottage
D:4:      layout_gridville, temple_hall_moat, hellmonk_ghost_happy_afterlife,
          st_stairs_1, uniq_robin
D:5:      gammafunk_cloud_chamber, layout_layer_cave,
          mainiacjoe_overflow_alcove_4, uniq_pikel
Temple:   compressed_dpeg_triangle_lava_temple

Skill      XL: |  1  2  3  4  5  6  7 |
---------------+----------------------+-----
Fighting       | 2 3 4 |  4.4
Unarmed Combat | 4 5 |  5.3
Shapeshifting  | 4 5 6 |  6.1
Dodging        | |  2.0

Action                     |  1- 3 |  4- 6 |  7- 9 || total
---------------------------+-------+-------+-------++-------
  Melee: Unarmed           |    72 |    50 |    51 ||   173
         Constrict         |    23 |    11 |    10 ||    44
         Tentacles         |    11 |     8 |     8 ||    27
         Punch             |     2 |     2 |     2 ||     6
   Stab: Sleeping          |     9 |     3 |     2 ||    14
 Armour: Skin              |     2 |     3 |     4 ||     9
  Dodge: Dodged            |    44 |    28 |    29 ||   101

Table legend: (Time is in decaauts)
 A = Elapsed time spent in this place.
 B = Non-inter-level travel time spent in this place.
 C = Inter-level travel time spent in this place.
 D = Time resting spent in this place.
 E = Time spent auto-exploring this place.
 F = Levels seen in this place.
 G = Mean time per level.
                   A        B        C        D        E       F      G
               +--------+--------+--------+--------+--------+-----+--------+
         Total |   3697 |   3589 |    108 |    238 |   2679 |   6 |  616.2 |
       Dungeon |   3662 |   3570 |     92 |    238 |   2679 |   5 |  732.4 |
        Temple |     34 |     18 |     16 |      0 |      0 |   1 |   34.0 |
               +--------+--------+--------+--------+--------+-----+--------+

Top non-repeatable levels by time:
     D:4: 1192 daAuts
     D:2: 999 daAuts
     D:3: 801 daAuts
     D:1: 621 daAuts
     D:5: 47 daAuts
  Temple: 34 daAuts
